AoeStats
← [KMNB] Bandeira

Pilgrims

508260234Analyzed
2v2 RM · 12d ago on Sep 21, 2026· 37m 36s· 4 players
Game mode
Random Map
Map size
Medium (4 player)
Population
200
Speed
Normal
Resources
Standard
Victory
Conquest
Starting age
Dark Age
Ending age
Imperial Age
RankedLock teamsTeams togetherTeam positionsShared explorationLock speedFull tech treeHidden civsTurbo modeCheats
Victory
Defeat
🇩🇰 Armenians · Denmark
1582
+12
🇩🇰 Spanish · Denmark
1575
+12
🇧🇷 Saracens · Brazil
1499
-12
🇧🇷 Magyars · Brazil
1492
-12
[KMNB] Bandeira
3:26 Loom
11:16 Feudal Age
11:58 Double-Bit Axe
11:59 Horse Collar
14:08 Scale Barding Armor
19:53 Castle Age
22:13 Husbandry
22:26 Bloodlines
22:58 Wheelbarrow
29:26 Chain Barding Armor
32:33 Bow Saw
32:37 Heavy Plow
34:04 Fletching
[KMNB] Galodoido
8:51 Loom
11:41 Feudal Age
13:33 Double-Bit Axe
16:07 Castle Age
14:55 Fletching
15:03 Gold Mining
16:23 Fishing Lines
17:00 Medium Warships
17:05 Bodkin Arrow
20:05 Elite Skirmisher
20:47 Padded Archer Armor
22:59 Ballistics
23:31 Clinker Construction
32:06 Crossbowman
Dr. Jones
10:58 Feudal Age
14:30 Castle Age
13:23 Padded Archer Armor
16:59 Double-Bit Axe
17:56 Loom
26:56 Husbandry
27:06 Bloodlines
27:14 Horse Collar
34:11 Wheelbarrow
33:47 Bow Saw
35:42 Hand Cart
36:33 Heavy Plow
39:42 Imperial Age
38:05 Scale Barding Armor
37:52 Gold Mining
37:52 Stone Mining
dr. helmut
9:45 Feudal Age
8:00 Loom
10:30 Double-Bit Axe
14:36 Fletching
16:10 Fishing Lines
19:30 Castle Age
17:49 Gold Mining
20:31 Medium Warships
20:13 Gillnets
22:08 Wheelbarrow
22:05 Bow Saw
22:32 Scale Mail Armor
22:51 Gambesons
23:44 Careening
24:07 Pikeman
24:48 Man-at-Arms
29:16 Horse Collar
34:05 Imperial Age
31:45 Squires
31:10 Long Swordsman
32:08 Chain Mail Armor
32:55 Forging
33:10 Hand Cart
32:39 Two-Handed Swordsman
33:08 Arson
34:44 Iron Casting
35:20 Plate Mail Armor
35:16 Conscription
35:06 Champion
36:13 Fereters
Connection lost

Rejoining the realm…

Still unreachable

The connection could not be restored.

Session expired

The server has moved on; the page needs a fresh start.